 Dungeon Crawl Stone Soup version 0.26.0-10-g1f06aea511 (webtiles) character file.

Game seed: 18226924513553505156

6008 Arum the Fighter (level 11, 0/90 HPs)
             Began as a Formicid Fighter on Jan 17, 2021.
             Was an Elder of Okawaru.
             Slain by a hobgoblin
             ... wielding a +0 war axe
              (5 damage)
             ... in a bailey.
             The game lasted 00:16:27 (8925 turns).

Arum the Fighter (Formicid Fighter)                 Turns: 8925, Time: 00:16:28

Health: 0/90       AC: 14    Str: 24    XL:     11   Next: 10%
Magic:  4/13       EV: 12    Int: 13    God:    Okawaru [****..]
Gold:   363        SH: 13    Dex: 10    Spells: 10/10 levels left

rFire    . . .     SeeInvis +   d - +4 morningstar "Golit" {flame, Will+ Int+5}
rCold    . . .     Faith    +   c - +0 kite shield
rNeg     . . .     Spirit   .   b - +0 scale mail
rPois    +         Reflect  .   (helmet unavailable)
rElec    .         Harm     .   r - +0 cloak
rCorr    +         Rampage  .   v - +0 pair of gloves
Will     ++...                  o - +0 pair of boots
Stlth    +.........             t - amulet of faith
HPRegen  0.25/turn              n - ring of poison resistance
MPRegen  0.13/turn              F - ring of resist corrosion

@: heroism, finesse
A: permanent stasis, dig shafts and tunnels, four strong arms, antennae 3
a: Dig, Renounce Religion, Heroism


You were in a bailey.
You worshipped Okawaru.
Okawaru was greatly pleased with you.
You visited 1 branch of the dungeon, and saw 9 of its levels.
You also visited: Ossuary and Bailey.

You collected 363 gold pieces.

Inventory:

Hand Weapons
 a - a +0 quarterstaff
 d - the +4 morningstar "Golit" (weapon) {flame, Will+ Int+5}
   (You found it on level 5 of the Dungeon)

   It has been specially enchanted to burn those struck by it, causing extra
   injury to most foes and up to half again as much damage against particularly
   susceptible opponents.
   It affects your intelligence (+5).
   It affects your willpower, your defense against some magical effects.
 z - a +3 scythe of venom
Missiles
 h - 5 javelins
Armour
 b - a +0 scale mail (worn)
 c - a +0 kite shield (worn)
 o - a +0 pair of boots (worn)
 r - a +0 cloak (worn)
 v - a +0 pair of gloves (worn)
 C - a scarf of invisibility
Jewellery
 k - an uncursed ring of magical power
 n - a ring of poison resistance (left hand)
 p - an uncursed amulet of the acrobat {unknown}
 t - an amulet of faith (around neck)
 F - a ring of resist corrosion (right hand)
Wands
 q - a wand of flame (9)
 w - a wand of enslavement (6)
 A - a wand of random effects (22)
Scrolls
 f - 5 scrolls of enchant weapon
 j - 2 scrolls of noise
 l - 2 scrolls of identify
 m - 7 scrolls of remove curse
 s - 2 scrolls of immolation
 x - 2 scrolls of amnesia
 y - 3 scrolls of magic mapping
 D - a scroll of fog
Potions
 e - 3 potions of flight
 g - 7 potions of curing
 i - 3 potions of brilliance
 u - 2 potions of attraction
 B - 3 potions of lignification
 E - 2 potions of cancellation
 G - 2 potions of mutation
 I - a potion of ambrosia
 K - a potion of resistance
 L - a potion of magic


   Skills:
 + Level 10.0(15.0) Fighting
 + Level 8.0(13.7) Maces & Flails
 - Level 5.2(12.3) Staves
 + Level 7.5(12.5) Armour
 - Level 9.0(14.0) Shields
 + Level 3.4 Invocations


You had 10 spell levels left.
You didn't know any spells.
Your spell library contained the following spells:

 Spells                   Type           Power        Failure   Level
 Animate Skeleton         Necr           0%           52%         1
 Corona                   Hex            0%           52%         1
 Pain                     Necr           0%           52%         1
 Ensorcelled Hibernation  Hex/Ice        0%           67%         2
 Confusing Touch          Hex            0%           88%         3
 Dazzling Flash           Conj/Hex       0%           88%         3
 Gell's Gravitas          Tloc           0%           88%         3
 Tukima's Dance           Hex            0%           88%         3
 Vampiric Draining        Necr           0%           88%         3
 Animate Dead             Necr           0%           99%         4
 Petrify                  Tmut/Erth      0%           99%         4
 Agony                    Necr           0%           100%        5
 Metabolic Englaciation   Hex/Ice        0%           100%        5
 Yara's Violent Unravell  Hex/Tmut       0%           100%        5


Dungeon Overview and Level Annotations

Branches:
Dungeon (9/15)             Temple (0/1) D:5            Lair (0/6) D:8
Ossuary (visited)          Bailey (1/1)
    Orc: D:9-12

Altars:
Gozag
Nemelex Xobeh
Okawaru

Portals:
Abyss: D:3

Annotations:
D:3 2 transporters, funkygono's ghost, amateur DrCj


Innate Abilities, Weirdness & Mutations

You cannot be hasted, slowed, berserked, paralysed or teleported.
You can dig through walls and to a lower floor.
Your four strong arms can wield two-handed weapons with a shield.
You have a pair of large antennae on your head. (SInv)


Message History

As you read the scroll of torment, it crumbles to dust.
Your body is wracked with pain!
* * * LOW HITPOINT WARNING * * *
The hobgoblin convulses!
The orc knight convulses!
The orc warrior convulses!
The orc convulses!
The orc warrior convulses! x2; The hobgoblin convulses!
The orc warrior convulses! x2; The hobgoblin convulses!
The orc warrior no longer looks unusually strong. x2
The orc knight roars a battlecry!
The orc warriors go into a battle-frenzy!
Unknown command.
Unknown command.
Really read the scroll of torment?
As you read the scroll of torment, it crumbles to dust.
Your body is wracked with pain!
* * * LOW HITPOINT WARNING * * *
The hobgoblin convulses!
The orc knight convulses!
The orc warrior convulses!
The orc convulses!
The orc warrior convulses! x2; The hobgoblin convulses!
The orc warrior convulses! x2; The hobgoblin convulses!
The hobgoblin hits you with a +0 war axe.
You die...

.........#...........#
.........#...........#
).......###.........###
#.....###.###.....#+#.###
###.###{
...###.###.....### ..###
.... ###........!## ...#
...)g #8..........# ...#
...ooo#8..........# ...#
...ooog@....⌠....∩# ...#
....go#8.........?# ...#
..... #8..........# ..###
.... ###.........##
###.###{
...###.###.....###
#.....###.###.....#)#.###
).......###.......)[###
.........#...........#
.........#...........#


You could see an orc knight, 5 orc warriors, an orc (strong) and 3 hobgoblins.

Vanquished Creatures
  An orc warlord (Bailey)
  An orc knight (Bailey)
  Maurice (D:8)
  Grinder (D:3)
  Sigmund (D:3)
  Menkaure (Ossuary)
  2 ice beasts
  7 orc warriors
  A sky beast (D:8)
  3 phantoms
  2 necrophages
  An ogre (D:9)
  5 centaurs
  A big kobold (D:8)
  2 bullfrogs
  5 killer bees (D:8)
  3 scorpions
  4 wights (D:8)
  An electric eel (D:7)
  3 hounds
  3 orc priests
  5 orc wizards
  2 jellies
  Ijyb (D:3)
  2 iguanas (D:8)
  3 worker ants
  A killer bee zombie (D:5)
  A hound skeleton (D:4)
  3 mummies (Ossuary)
  Robin (D:3)
  7 adders
  8 gnolls (Bailey)
  A shadow imp (D:6)
  2 white imps
  4 ufetubi
  An ooze (D:1)
  An adder zombie (D:7)
  An adder skeleton (D:8)
  3 worms
  2 dart slugs
  4 leopard geckos
  40 orcs
  2 ball pythons (D:1)
  2 bats
  4 giant cockroaches
  23 hobgoblins
  19 jackals
  6 quokkas
  3 frilled lizards (D:1)
  3 gnoll zombies (Ossuary)
  19 goblins
  4 goblin skeletons (Ossuary)
  5 goblin zombies (Ossuary)
  3 hobgoblin skeletons (Ossuary)
  6 hobgoblin zombies (Ossuary)
  A jackal skeleton (D:4)
  14 kobolds
  5 kobold skeletons (Ossuary)
  2 kobold zombies (Ossuary)
  A leopard gecko skeleton (D:5)
  8 orc skeletons (Ossuary)
  6 orc zombies (Ossuary)
  A quokka skeleton (D:8)
  4 rats
  3 rat skeletons (Ossuary)
  3 rat zombies (Ossuary)
289 creatures vanquished.

Vanquished Creatures (others)
  A gnoll (Bailey)
  A goblin skeleton (Ossuary)
  A rat skeleton (Ossuary)
3 creatures vanquished.

Grand Total: 292 creatures vanquished

Notes
Turn   | Place    | Note
-------+----------+-------------------------------------------
     0 | D:1      | Arum the Formicid Fighter began the quest for the Orb.
     0 | D:1      | Reached XP level 1. HP: 18/18 MP: 1/1
   225 | D:1      | Reached XP level 2. HP: 24/24 MP: 2/2
   539 | D:1      | Reached XP level 3. HP: 28/29 MP: 3/3
   771 | D:2      | Found an iron altar of Okawaru.
   804 | D:2      | Became a worshipper of Warmaster Okawaru
  1389 | D:3      | Noticed Ijyb
  1396 | D:3      | Killed Ijyb
  1397 | D:3      | Reached XP level 4. HP: 37/37 MP: 4/4
  1421 | D:3      | Found a transporter.
  1427 | D:3      | Noticed a big kobold
  1551 | D:3      | Noticed Robin
  1559 | D:3      | Noticed Grinder
  1592 | D:3      | Reached skill level 4 in Fighting
  1605 | D:3      | Killed Robin
  1614 | D:3      | Killed Grinder
  1614 | D:3      | Reached * piety under Okawaru
  1615 | D:3      | Reached skill level 5 in Shields
  1615 | D:3      | Reached XP level 5. HP: 12/43 MP: 5/5
  1615 | D:3      | Reached XP level 6. HP: 14/49 MP: 6/6
  1961 | D:3      | Noticed Sigmund
  1976 | D:3      | Killed Sigmund
  1977 | D:3      | Reached skill level 5 in Fighting
  1977 | D:3      | Reached skill level 5 in Armour
  1977 | D:3      | Reached XP level 7. HP: 30/56 MP: 7/7
  2162 | D:3      | Noticed funkygono's ghost (amateur DrCj)
  2165 | D:3      | Noticed an ancient zyme
  2181 | D:3      | Found a transporter.
  2181 | D:3      | Found a one-way gate to the infinite horrors of the Abyss.
  3548 | D:5      | Entered Level 5 of the Dungeon
  3558 | D:5      | Reached ** piety under Okawaru
  3649 | D:5      | Found an opulent altar of Gozag.
  3696 | D:5      | Reached XP level 8. HP: 32/64 MP: 8/8
  3699 | D:5      | Reached skill level 6 in Fighting
  3708 | D:5      | Reached skill level 5 in Staves
  3723 | D:5      | Got a crystal glaive
  3724 | D:5      | Identified the cursed +2 glaive of Uquythreipp {vorpal, rF-
                  | Int+6} (You found it on level 5 of the Dungeon)
  3966 | D:5      | Got an ichor-stained morningstar
  3974 | D:5      | Identified the +4 morningstar "Golit" {flame, Will+ Int+5}
                  | (You found it on level 5 of the Dungeon)
  4163 | D:5      | Found a staircase to the Ecumenical Temple.
  4501 | D:6      | Reached skill level 1 in Maces & Flails
  4564 | D:6      | Reached *** piety under Okawaru
  5251 | D:7      | Reached XP level 9. HP: 39/71 MP: 9/9
  5258 | D:7      | Found a sand-covered staircase.
  5268 | Ossuary  | Entered an ossuary
  5664 | Ossuary  | Noticed Menkaure
  5673 | Ossuary  | Killed Menkaure
  5674 | Ossuary  | Reached skill level 7 in Fighting
  6069 | D:7      | Found a sparkling altar of Nemelex Xobeh.
  6735 | D:7      | Reached **** piety under Okawaru
  6736 | D:7      | Reached skill level 5 in Maces & Flails
  7138 | D:8      | Reached skill level 8 in Fighting
  7561 | D:8      | Found a staircase to the Lair.
  7610 | D:8      | Reached XP level 10. HP: 73/81 MP: 10/10
  7712 | D:8      | Noticed Maurice
  7724 | D:8      | Killed Maurice
  7973 | D:8      | Reached skill level 9 in Fighting
  8396 | D:9      | Found a flagged portal.
  8423 | Bailey   | Entered a bailey
  8574 | Bailey   | Reached ***** piety under Okawaru
  8729 | Bailey   | Received a gift from Okawaru
  8890 | Bailey   | Noticed an orc knight
  8890 | Bailey   | Noticed an orc warlord
  8891 | Bailey   | Noticed an orc knight
  8911 | Bailey   | Killed an orc warlord
  8912 | Bailey   | Reached XP level 11. HP: 30/90 MP: 10/13
  8916 | Bailey   | Killed an orc knight
  8917 | Bailey   | Reached skill level 10 in Fighting
  8925 | Bailey   | Slain by a hobgoblin

Illustrated notes

Levels and vault maps discovered:
D:1:      elethiomel_arrival_quiet, layout_basic, corexii_leaking_fountain
D:2:      layout_basic, okawaru_trees_1
D:3:      layout_loops_ring, gammafunk_ghost_abyssal_escape, kennysheep_potato,
          uniq_ijyb, uniq_grinder, uniq_robin, uniq_sigmund
D:4:      layout_basic
D:5:      layout_cave_pools, grunt_gozag_statues,
          minmay_temple_entry_nine_rooms, chequers_serial_rivers_micro_b,
          feat_on_display
D:6:      layout_basic
D:7:      statuecave_lemuel, layout_loops_ring,
          lightli_ossuary_entry_decrepit_ruins,
          nemelex_xobeh_ov_fountains_minmay
D:8:      layout_loops_ring, lair_entry_dummy, uniq_maurice
D:9:      layout_irregular_city, enter_bailey_2
Bailey:   bailey_axe_minmay_hex_keep, bailey

Skill      XL: |  1  2  3  4  5  6  7  8  9 10 11 |
---------------+----------------------------------+-----
Shields        | 4 5 6 7 9 |  9.0
Fighting       | 4 5 6 8 9 10 | 10.0
Armour         | 4 5 7 |  7.5
Staves         | 3 4 5 |  5.2
Maces & Flails | 3 6 7 8 |  8.0
Invocations    | 2 3 |  3.4

Action                   |  1- 3 |  4- 6 |  7- 9 | 10-12 || total
-------------------------+-------+-------+-------+-------++-------
Melee: Quarterstaff      |   100 |    87 |   168 |       ||   355
       Morningstar       |       |       |   335 |   213 ||   548
Invok: Heroism           |       |       |     1 |     3 ||     4
       Finesse           |       |       |       |     1 ||     1
 Abil: Dig               |     3 |     2 |     3 |       ||     8
Evoke: Wand              |       |       |       |     3 ||     3
  Use: Potion            |       |     1 |     1 |     2 ||     4
       Scroll            |       |       |    22 |     4 ||    26
Armor: Scale mail        |    44 |    23 |   186 |    62 ||   315
Dodge: Dodged            |    23 |    18 |   176 |    72 ||   289
Block: Kite shield       |    42 |    32 |   282 |   134 ||   490
